 Dungeon Crawl Stone Soup version 0.20-a0-629-gc37eb77 (webtiles) character file.

181 seren the Conjurer (level 5, 0/42 HPs)
             Began as a Tengu Air Elementalist on Feb 10, 2017.
             Slain by a worker ant (4 damage)
             ... on level 4 of the Dungeon.
             The game lasted 00:20:29 (4191 turns).

seren the Conjurer (Tengu Air Elementalist)         Turns: 4191, Time: 00:20:30

Health: 0/42       AC: 22    Str:  8    XL:     5   Next: 61%
Magic:  1/10       EV:  2    Int: 16    God:
Gold:   111        SH:  0    Dex: 17    Spells: 4/10 levels left

rFire    . . .     SeeInvis .   g - +0 dagger
rCold    . . .     Gourm    .   (armour currently unavailable)
rNeg     + + +     Faith    .   (no shield)
rPois    +         Spirit   .   (helmet currently unavailable)
rElec    .         Reflect  .   (cloak currently unavailable)
rCorr    .         Harm     .   (gloves currently unavailable)
MR       .....     NoTele   +   (boots unavailable)
Stlth    +++.......             (no amulet)
Regen    0.2/turn               (no ring)
                                (no ring)

@: lethally poisoned (0 -> -3), tree-form
A: (beak), (talons 0), thin skeletal structure 1, (fire resistance 0), (shaggy
fur 0), wild magic 1, able to fly 1
a: Fly


You were on level 4 of the Dungeon.
You were hungry.
You were a tree.
You visited 1 branch of the dungeon, and saw 4 of its levels.

You collected 111 gold pieces.

Inventory:

Hand Weapons
 g - a +0 dagger (weapon)
Armour
 a - a +0 robe (melded)
Scrolls
 e - a scroll of identify
 h - a scroll of remove curse
 n - 2 scrolls of teleportation {unknown}
 o - a scroll of immolation {unknown}
 p - a scroll of magic mapping {unknown}
Potions
 i - a potion of mutation
 m - a potion of cancellation {unknown}
Books
 b - a book of Air

   Spells                             Type                      Level
   a - Shock                          Conjuration/Air              1
   b - Swiftness                      Charms/Air                   2
   c - Static Discharge               Conjuration/Air              3
   d - Airstrike                      Air                          4
   e - Lightning Bolt                 Conjuration/Air              5
Comestibles
 c - 3 bread rations
 d - 3 royal jellies
 j - 4 fruits
 k - 3 meat rations
 l - 3 chunks of flesh


   Skills:
 - Level 2.1 Dodging
 - Level 2.0 Stealth
 - Level 3.0 Spellcasting
 + Level 5.2 Conjurations
 + Level 5.2 Air Magic


You had 4 spell levels left.
You knew the following spells:

 Your Spells              Type           Power        Failure   Level  Hunger
a - Shock                 Conj/Air       ###.         4%          1    #......
b - Swiftness             Chrm/Air       ##......     17%         2    ##.....
c - Static Discharge      Conj/Air       ###.....     14%         3    ###....


Dungeon Overview and Level Annotations

Branches:
Dungeon (4/15)
 Temple: D:4-7

Altars:
Makhleb
Sif Muna
Trog
Zin


Innate Abilities, Weirdness & Mutations

((You have a beak for a mouth.))
((You have claws for feet.))
You can fly.
You have a somewhat thin skeletal structure. (Dex +2, Stealth)
((Your flesh is heat resistant. (rF+)))
((You are covered in fur. (AC +1)))
Your spells are a little harder to cast, but a little more powerful.


Message History

The zap misses the worker ant.
* * * LOW HITPOINT WARNING * * *
You feel sick.
The worker ant bites you but does no damage.
Casting: Shock
Confirm with . or Enter, or press ? or * to list all spells.
Aiming: Shock
Press: ? - help, Shift-Dir - straight line, f/p - worker ant
Aim: a worker ant (severely wounded)
The zap misses the worker ant.
The worker ant bites you but does no damage.
Casting: Shock
Confirm with . or Enter, or press ? or * to list all spells.
Aiming: Shock
Press: ? - help, Shift-Dir - straight line, f/p - worker ant
Aim: a worker ant (severely wounded)
The zap hits the worker ant.
The worker ant is almost dead.
The worker ant bites you.
You die...

#......#....... #..........[..>
#.............. #..............
........... #..............
.......... ##..............
........
$........################......#
.........#..............#......#
.........'.....a♣.......#......#
.........#..........÷...#.....>#
.........#...........<..+...<..#
.........#[...>.........#...a..#
.........#..............#......#
.........#....###..##.###......#
.........#....###..####......###
.........#........... #......#
.........#............#......#


You could see a worker ant.

Vanquished Creatures
  9 adders
  An ooze (D:3)
  3 dart slugs (D:1)
  2 leopard geckos (D:1)
  6 orcs (D:3)
  2 ball pythons
  5 giant cockroaches
  13 goblins
  9 hobgoblins
  8 jackals
  6 bats
  A frilled lizard (D:1)
  6 kobolds
  9 rats
80 creatures vanquished.

Notes
Turn   | Place    | Note
-------+----------+-------------------------------------------
     0 | D:1      | seren the Tengu Air Elementalist began the quest for the Orb.
     0 | D:1      | Reached XP level 1. HP: 10/10 MP: 4/4
    67 | D:1      | Reached XP level 2. HP: 10/15 MP: 1/6
   574 | D:1      | Reached XP level 3. HP: 19/19 MP: 5/7
   578 | D:1      | Learned a level 2 spell: Swiftness
   582 | D:1      | Learned a level 3 spell: Static Discharge
  1588 | D:2      | Reached XP level 4. HP: 23/24 MP: 6/8
  2917 | D:3      | Reached skill level 5 in Air Magic
  2917 | D:3      | Gained mutation: You can fly. [Tengu growth]
  2917 | D:3      | Reached XP level 5. HP: 28/28 MP: 5/10
  3553 | D:3      | Found a bloodstained altar of Trog.
  3553 | D:3      | Found a deep blue altar of Sif Muna.
  3825 | D:3      | Reached skill level 5 in Conjurations
  3938 | D:3      | Found a glowing silver altar of Zin.
  3939 | D:3      | Found a burning altar of Makhleb.
  3943 | D:3      | Noticed an angel
  3947 | D:3      | Noticed a blizzard demon
  4178 | D:4      | Gained mutation: Your flesh is heat resistant. (rF+) [potion of mutation]
  4178 | D:4      | Gained mutation: You have a somewhat thin skeletal structure. (Dex +2, Stealth) [potion of mutation]
  4178 | D:4      | Gained mutation: You are covered in fur. (AC +1) [potion of mutation]
  4178 | D:4      | Gained mutation: Your spells are a little harder to cast, but a little more powerful. [potion of mutation]
  4191 | D:4      | Slain by a worker ant

Vault maps used:
D:1:      zaba_arrival_water
D:3:      grunt_temple_overflow_order_and_chaos_2,
          gammafunk_temple_overflow_pools
D:4:      lemuel_castle_with_subvaults, grunt_temple_overflow_growth_and_decay,
          minmay_temple_entry_poolview, okawaru_ov_weapons_minmay

Skill      XL: |  1  2  3  4  5 |
---------------+----------------+-----
Conjurations   | 2 4 5 |  5.2
Spellcasting   | 3 |  3.0
Air Magic      | 5 |  5.2
Dodging        | |  2.1
Stealth        | |  2.0

Action                   |  1- 3 |  4- 6 || total
-------------------------+-------+-------++-------
Melee: Unarmed           |    13 |       ||    13
       Kick              |     9 |     1 ||    10
       Peck              |     2 |       ||     2
       Dagger            |    20 |    16 ||    36
 Cast: Shock             |    59 |   111 ||   170
  Use: Scroll            |       |     2 ||     2
       Potion            |       |     2 ||     2
 Stab: Sleeping          |     1 |       ||     1
  Eat: Chunk             |     3 |     8 ||    11
Armor: Robe              |     4 |     3 ||     7
       Skin              |       |    14 ||    14
Dodge: Dodged            |    35 |    22 ||    57
